 Dungeon Crawl Stone Soup version 0.31-a0-986-g5e6e4ef867 (webtiles) character file.

Game seed: 12351913844356449187

284 avis the Ducker (level 6, 28/28 HPs)
             Began as a Felid Shapeshifter on Nov 23, 2023.
             Got out of the dungeon alive.
             The game lasted 00:15:12 (2746 turns).

avis the Ducker (Felid Shapeshifter)                Turns: 2746, Time: 00:15:13

Health: 28/28      AC:  2    Str: 10    XL:     6   Next: 7%
Magic:  16/16      EV: 20    Int: 18    God:
Gold:   331        SH:  0    Dex: 17    Spells: 5/5 levels left
                                        Lives:  0   Deaths: 2

rFire   . .          .
                       - Unarmed
rCold   . . .        (shield unavailable)
rNeg    . . .        (body armour unavailable)
rPois   .            (helmet unavailable)
rElec   .            (cloak unavailable)
rCorr   .            (gloves unavailable)
SInv    +            (boots unavailable)
Will    .....        (no amulet)
Stlth   ++           p - +6 ring of intelligence
HPRegen 0.24/turn    r - ring of magical power
MPRegen 0.15/turn

%: no passive effects
@: beast-form, quick
A: beast (slay +2), very small, claws 1, fangs 3, see invisible, speed 1, shaggy
fur 2, stealthy paws, no weapons or thrown items, no armour, multi-lived
a: Begin Untransformation


You escaped.
You were a hulking beast.
You visited 1 branch of the dungeon, and saw 4 of its levels.

You collected 331 gold pieces.

Inventory:

Jewellery
 p - a +6 ring of intelligence (left paw)
 r - a ring of magical power (right paw)
Talismans
 b - a beast talisman
 c - a flux talisman
Scrolls
 e - 2 scrolls of immolation {unknown}
 f - 2 scrolls of teleportation
 g - a scroll of torment {unknown}
 i - a scroll of enchant armour {unknown}
 j - 2 scrolls of revelation
 l - 2 scrolls of noise {unknown}
 m - 3 scrolls of identify {unknown}
 o - a scroll of vulnerability {unknown}
Potions
 d - a potion of attraction {unknown}
 h - a potion of resistance {unknown}
 k - a potion of enlightenment {unknown}
 n - a potion of curing {unknown}
 q - 2 potions of heal wounds {unknown}


   Skills:
 - Level 3.0 Fighting
 - Level 6.0 Dodging
 - Level 3.0 Unarmed Combat
 * Level 4.8 Shapeshifting


You had 5 spell levels left.
You didn't know any spells.
Your spell library was empty.

Dungeon Overview and Level Annotations

Branches:
Dungeon (4/15)
 Temple: D:4-7

Altars:

Annotations:
D:4 Grinder


Innate Abilities, Weirdness & Mutations

You are a hulking beast.
Your limbs bulge with bestial killing power. (Slay +2)
You have sharp claws.
You have razor-sharp teeth.
You have supernaturally acute eyesight. (SInv)
You cover ground quickly. (Speed+)
You are covered in thick fur. (AC +2)
Your paws help you pounce on unaware monsters.
You are incapable of wielding weapons or throwing items.
You cannot wear armour.
You gain extra lives every three experience levels.


Message History

You claw the iguana!
You kill the iguana!
You have reached level 6!
Your fur grows into a thick mane.
You see here an iguana corpse.
You now have 331 gold pieces (gained 18).
q - 2 brown potions (gained 1)
You see here 5 poisoned darts.
A kobold comes into view. It is wielding a +0 short sword.
The kobold shouts!
The kobold completely misses you.
You barely miss the kobold. You claw the kobold.
You kill the kobold!
Things that are here:
a +0 short sword; a kobold corpse
Found a stone staircase leading up.
There is a stone staircase leading up here.
You climb upwards.
There is a stone staircase leading down here.
What level of the Dungeon? (default 4, ? - help)
What level of the Dungeon? (default 1, ? - help)
The ball python hisses angrily.
There is an open door here.
You closely miss the ball python. The ball python completely misses you.
The ball python misses you.
You claw the ball python!
You kill the ball python!
What level of the Dungeon? (default 1, ? - help)
There is a stone staircase leading up here.
You climb upwards.
There is a stone staircase leading down here.
There is a stone staircase leading up here.
You climb upwards.
There is a stone staircase leading down here.
You can't go up here!
Things that are here:
a +0 dagger; a +0 short sword
There is an open door here.
There is a staircase leading out of the dungeon here.
You have escaped!

#.# #....#.##### ##..###
#.# #.>....#...####......
#.#
#########)###..#......#.##.
###.#
#......##.###.###.#####.##.
....#
#...........#..#....###....
#####
#..####+#'##.....[#..#####.
#...##.....####..###.# ##
#....'.....# #...#..# #
#.[..#..8.h# #.....## #
#....'.....# #.....# #
#.#..#.....####.#.#.#
#..#########........#
##.##.......##.##.#.#
#.####.....##.##.#.#
##.####.....##......#
#...........##.##.#.#
#..####.....##.##.#.#


There were no monsters in sight!

Vanquished Creatures
  2 orc priests
  2 iguanas
  5 adders
  3 gnolls
  A worm (D:2)
  A dart slug (D:2)
  7 orcs
  6 bats
  10 endoplasms
  4 giant cockroaches
  5 goblins
  7 hobgoblins
  5 jackals
  7 kobolds
  5 quokkas
  5 ball pythons
  6 frilled lizards
  3 rats (D:1)
84 creatures vanquished.

Notes
Turn   | Place    | Note
-------+----------+-------------------------------------------
     0 | D:1      | avis the Felid Shapeshifter began the quest for the Orb.
     0 | D:1      | Reached XP level 1. HP: 9/9 MP: 2/2
    20 | D:1      | Reached skill level 3 in Dodging
    26 | D:1      | Reached XP level 2. HP: 6/12 MP: 3/3
   152 | D:1      | Reached skill level 4 in Dodging
   434 | D:1      | Reached XP level 3. HP: 16/16 MP: 4/4
  1090 | D:2      | Slain by an iguana
  1095 | D:2      | Reached skill level 5 in Dodging
  1095 | D:2      | Reached XP level 4. HP: 19/19 MP: 5/5
  1599 | D:2      | Reached XP level 5. HP: 15/24 MP: 6/6
  1786 | D:3      | Identified the +5 flail of Mimep {heavy, rC+ Str-5 Dex+4}
  1864 | D:4      | Reached skill level 6 in Dodging
  2248 | D:4      | Noticed Grinder
  2543 | D:4      | HP: 1/24 [iguana (7)]
  2545 | D:4      | Mangled by an iguana
  2588 | D:4      | Gained mutation: You are covered in thick fur. (AC +2)
                  | [Felid growth]
  2588 | D:4      | Reached XP level 6. HP: 28/28 MP: 7/7
  2746 | D:$      | Got out of the dungeon alive.

Illustrated notes

Levels and vault maps discovered:
D:1:      minmay_arrival_solitary_statue, layout_loops_cross,
          minmay_pentomino_x2
D:2:      minmay_door_path, layout_basic, minmay_cupped
D:3:      layout_basic, serial_shops, nicolae_shop_waterfront
D:4:      cheibrodos_pilgrimage, layout_loops_ring, uniq_grinder

Skill      XL: |  1  2  3  4  5 |
---------------+----------------+-----
Dodging        | 3 4 5 6 |  6.0
Fighting       | 2 3 |  3.0
Shapeshifting  | 4 |  4.8
Unarmed Combat | |  3.0

Action                     |  1- 3 |  4- 6 || total
---------------------------+-------+-------++-------
  Melee: Unarmed           |   108 |   128 ||   236
         Bite              |    12 |    14 ||    26
         Punch             |     4 |     4 ||     8
    Use: Scroll            |       |     2 ||     2
         Potion            |       |     1 ||     1
   Stab: Sleeping          |     1 |     2 ||     3
 Armour: Skin              |    17 |    29 ||    46
  Dodge: Dodged            |    70 |   115 ||   185

Table legend: (Time is in decaauts)
 A = Elapsed time spent in this place.
 B = Non-inter-level travel time spent in this place.
 C = Inter-level travel time spent in this place.
 D = Time resting spent in this place.
 E = Time spent auto-exploring this place.
 F = Levels seen in this place.
 G = Mean time per level.
                   A        B        C        D        E       F      G
               +--------+--------+--------+--------+--------+-----+--------+
         Total |   2356 |   2251 |    105 |    275 |   1152 |   4 |  589.0 |
       Dungeon |   2356 |   2251 |    105 |    275 |   1152 |   4 |  589.0 |
               +--------+--------+--------+--------+--------+-----+--------+

Top non-repeatable levels by time:
     D:2: 869 daAuts
     D:4: 628 daAuts
     D:1: 552 daAuts
     D:3: 306 daAuts
